 Dungeon Crawl Stone Soup version 0.27-a0-1308-gc08437e49b (webtiles) character file.

Game seed: 15067245899907720432

9957 pokeman the Thaumaturge (level 11, -2/61 HPs)
             Began as a Deep Elf Hedge Wizard on June 18, 2021.
             Was a Believer of Vehumet.
             Slain by a meliai (4 damage)
             ... on level 8 of the Dungeon.
             The game lasted 00:30:46 (12891 turns).

pokeman the Thaumaturge (Deep Elf Hedge Wizard)    Turns: 12891, Time: 00:30:47

Health: -2/61      AC:  7    Str:  7    XL:     11   Next: 29%
Magic:  36/49      EV: 12    Int: 23    God:    Vehumet [**....]
Gold:   527        SH:  0    Dex: 14    Spells: 19/39 levels left

rFire    . . .     SeeInvis .   p - +2 quarterstaff (chaos)
rCold    . . .     Faith    .   (shield currently unavailable)
rNeg     . . .     Spirit   .   u - +0 leather armour
rPois    .         Reflect  .   v - +0 helmet
rElec    .         Harm     .   q - +0 cloak
rCorr    .         Rampage  .   G - +0 pair of gloves
Will     +....                  k - +0 pair of boots
Stlth    ++........             (no amulet)
HPRegen  0.20/turn              d - ring of magical power
MPRegen  0.31/turn              i - ring of magical power

@: lethally poisoned (-2 -> -6)
A: no striking features
a: Renounce Religion


You were on level 8 of the Dungeon.
You worshipped Vehumet.
Vehumet was pleased with you.
You visited 2 branches of the dungeon, and saw 12 of its levels.

You collected 527 gold pieces.

Inventory:

Hand Weapons
 p - a +2 quarterstaff of chaos (weapon)
 H - a +0 shortbow
Missiles
 r - 128 arrows
 Q - a throwing net
Armour
 h - a +0 buckler
 k - a +0 pair of boots (worn)
 q - a +0 cloak (worn)
 u - a +0 leather armour (worn)
 v - a +0 helmet (worn)
 E - +0 swamp dragon scales
 G - a +0 pair of gloves (worn)
Magical Staves
 N - a staff of cold
 R - a staff of death
Jewellery
 d - a ring of magical power (left hand)
 e - a ring of see invisible
 i - a ring of magical power (right hand)
 n - a ring of protection from cold
 y - a ring of positive energy
 K - a ring of protection from cold
 L - a +4 ring of protection
Wands
 b - a wand of iceblast (22)
 M - a wand of flame (80)
 P - a wand of paralysis (7)
 S - a wand of polymorph (7)
 T - a wand of charming (9)
Scrolls
 a - a scroll of amnesia {unknown}
 c - 5 scrolls of immolation {unknown}
 f - 10 scrolls of identify {unknown}
 g - 3 scrolls of enchant weapon {unknown}
 m - a scroll of acquirement {unknown}
 s - a scroll of brand weapon {unknown}
 t - 7 scrolls of teleportation {unknown}
 x - 2 scrolls of noise {unknown}
 z - a scroll of torment {unknown}
 B - a scroll of enchant armour {unknown}
 O - 2 scrolls of vulnerability {unknown}
 V - a scroll of magic mapping {unknown}
 W - a scroll of fear {unknown}
Potions
 j - 6 potions of curing {unknown}
 l - 2 potions of degeneration {unknown}
 o - 2 potions of haste {unknown}
 w - a potion of berserk rage {unknown}
 A - 2 potions of heal wounds {unknown}
 C - a potion of magic {unknown}
 D - a potion of invisibility {unknown}
 F - a potion of flight {unknown}
 I - a potion of ambrosia {unknown}
 J - 2 potions of attraction {unknown}
 U - 3 potions of lignification {unknown}


   Skills:
 - Level 4.2 Fighting
 + Level 3.0 Armour
 - Level 3.0 Dodging
 - Level 3.0 Stealth
 - Level 3.0 Shields
 * Level 14.5 Spellcasting
 + Level 8.8 Conjurations
 - Level 1.1 Summonings
 - Level 1.1 Translocations
 - Level 1.2 Transmutations
 + Level 8.0 Fire Magic
 - Level 1.1 Air Magic
 - Level 1.2 Poison Magic
 - Level 1.3 Evocations


You had 19 spell levels left.
You knew the following spells:

 Your Spells              Type           Power      Damage    Failure   Level
a - Magic Dart            Conj           100%       1d8       1%          1
b - Mephitic Cloud        Conj/Pois/Air  34%        N/A       3%          3
c - Call Imp              Summ           21%        N/A       4%          2
d - Blink                 Tloc           N/A        N/A       4%          2
e - Conjure Flame         Conj/Fire      53%        6-21      1%          3
f - Foxfire               Conj/Fire      100%       2x1d9     1%          1
g - Fireball              Conj/Fire      26%        3d12      4%          5
h - Wereblood             Tmut           22%        N/A       4%          2
i - Shock                 Conj/Air       100%       1d9       1%          1

Your spell library contained the following spells:

 Spells                   Type           Power      Damage    Failure   Level
 Ignite Poison            Fire/Tmut/Pois 32%        N/A       3%          3
 Sticky Flame             Conj/Fire      53%        2d7       1%          4
 Beastly Appendage        Tmut           44%        N/A       3%          1
 Inner Flame              Hex/Fire       35%        N/A       3%          3
 Slow                     Hex            16%        N/A       8%          2
 Spider Form              Tmut/Pois      11%        N/A       10%         3
 Ice Form                 Ice/Tmut       19%        N/A       36%         4


Dungeon Overview and Level Annotations

Branches:
Dungeon (11/15)            Temple (1/1) D:6             Orc (0/2) D:9
   Lair: D:8-11

Altars:
Ashenzari
Cheibriados
Dithmenos
Fedhas
Gozag
Hepliaklqana
Kikubaaqudgha
Makhleb
Nemelex Xobeh
Qazlal
Ru
Sif Muna
Trog
Uskayaw
Vehumet
Wu Jian
Xom
Yredelemnul

Shops:
D:1 [   D:3 [

Annotations:
D:8 1 transporter


Message History

Unknown command.
Casting: Fireball (dangerous; 4% risk of failure)
Confirm with . or Enter, or press ? or * to list all spells.
You blink.
You feel very sick. The centaur barely misses you.
The centaur kicks you but does no damage.
The centaur hits you but does no damage.
The centaur kicks you but does no damage.
The boulder beetle curls into a ball and begins rolling!
The deep elf pyromancer mumbles some strange words.
The deep elf pyromancer blinks!
You feel sick. The meliai misses you. The meliai stings you.
The centaur hits you. The centaur kicks you.
Casting: Blink (safe; 4% risk of failure)
Confirm with . or Enter, or press ? or * to list all spells.
Aiming: Mephitic Cloud (dangerous; 3% risk of failure)
Press: ? - help, Shift-Dir - straight line, f - centaur
Aim: a centaur, quivering arrows (chance to affect: 81%) That beam is likely to hit you.
Continue anyway?
The ball explodes into a vile cloud!
The stinking cloud engulfs the centaur but does no damage.
The stinking cloud engulfs the meliai but does no damage.
The stinking cloud engulfs you but does no damage.
The stinking cloud engulfs something but does no damage.
You feel sick.
Something hits the centaur.
The meliai hits you with a +0 hand axe! The meliai barely misses you.
The meliai hits you with a +0 hand axe! The meliai closely misses you.
The centaur is engulfed in noxious fumes.
The centaur closely misses you. The centaur kicks you.
* * * LOW HITPOINT WARNING * * *
Unknown command.
Unknown command.
You feel sick.
Something closely misses the vampire mosquito.
The centaur is engulfed in noxious fumes.
The meliai hits you with a +0 hand axe!
* * * LOW HITPOINT WARNING * * *
The meliai stings you.
You die...

...##.........#############
...##>....................#######
...##............................
...##.........##.########.######.
.####).###..............#..#...#)
.#.....#...####...#####..#.#...#(
.#.##.#..###..#####...##...#...#[
.#<.#.#.##♣#...........##..#...#)
.#..#'#.#=}#..#.@#..#...#..#...#.
........#.$'.###y#.###..#..#...#.
........#[.#..#yc#..#...#).#...#.
........####..B☼y☼.....##......).
........♣..#..#○.#..#e.#.........
....#.....©#©.#°###.#.©#©........
###.#.#.♣..#..#.○ .#o†#.........
###.#.#.####...........##.(......
....#.#.#$.#..#..#..#...#..#####.


You could see a boulder beetle (rolling), 2 vampire mosquitoes, a meliai and a
centaur.

Vanquished Creatures
  Harold (D:8)
  A two-headed ogre (D:9)
  Pikel (D:8)
  Maggie (D:6)
  A troll (D:9)
  Prince Ribbit (D:6)
  A raiju (shapeshifter) (D:10)
  20 yaks
  Grum (D:8)
  Menkaure (D:5)
  A steam dragon (D:9)
  2 vampire mosquitoes (D:11)
  3 wargs (D:9)
  3 orc warriors
  An ice beast (D:7)
  A black bear (D:8)
  A black bear (shapeshifter) (D:8)
  A sky beast (D:5)
  A necrophage (D:5)
  A wolf (D:8)
  2 centaurs
  4 ogres
  3 lemures (D:8)
  A phantom (D:5)
  Blork the orc (D:6)
  4 bullfrogs
  A kobold brigand (D:8)
  A gnoll sergeant (D:10)
  A scorpion (D:7)
  A water moccasin skeleton (D:5)
  7 killer bees
  6 electric eels (D:9)
  3 wights (D:6)
  7 howler monkeys
  A bullfrog zombie (D:5)
  A centaur zombie (D:8)
  2 jellies
  3 orc priests
  Crazy Yiuf (D:2)
  2 hounds
  2 iguanas
  A centaur skeleton (D:7)
  8 orc wizards
  A hound zombie (D:3)
  A hound skeleton (D:4)
  5 gnolls (D:10)
  8 adders
  A shadow imp (D:6)
  2 worms (D:2)
  2 dart slugs (D:3)
  31 orcs
  9 bats
  9 endoplasms
  2 giant cockroaches
  A hobgoblin (D:4)
  8 jackals
  13 kobolds
  5 ball pythons
  A frilled lizard (D:3)
  19 goblins
  A rat (D:2)
226 creatures vanquished.

Vanquished Creatures (collateral kills)
  A wolf (D:8)
  An iron imp (D:4)
  Robin (D:3)
  3 goblins (D:3)
  A hobgoblin (D:3)
7 creatures vanquished.

Vanquished Creatures (others)
  A goblin (D:3)
  62 foxfires
  21 plants (D:9)
84 creatures vanquished.

Grand Total: 317 creatures vanquished

Notes
Turn   | Place    | Note
-------+----------+-------------------------------------------
     0 | D:1      | pokeman the Deep Elf Hedge Wizard began the quest for the
                  | Orb.
     0 | D:1      | Reached XP level 1. HP: 10/10 MP: 7/7
   205 | D:1      | Reached XP level 2. HP: 16/16 MP: 2/9
   363 | D:1      | Found a faded altar of an unknown god.
   703 | D:1      | Found Ytuog's Armour Shoppe.
  1112 | D:2      | Reached skill level 5 in Spellcasting
  1112 | D:2      | Reached XP level 3. HP: 20/20 MP: 11/11
  1116 | D:2      | Learned a level 3 spell: Mephitic Cloud
  1119 | D:2      | Learned a level 2 spell: Call Imp
  1122 | D:2      | Learned a level 2 spell: Blink
  1126 | D:2      | Learned a level 3 spell: Conjure Flame
  1336 | D:2      | Reached skill level 1 in Fighting
  1378 | D:2      | Reached skill level 1 in Armour
  2414 | D:2      | Reached XP level 4. HP: 25/25 MP: 13/13
  2736 | D:2      | Found a runed translucent door.
  2737 | D:2      | Noticed Crazy Yiuf
  2889 | D:2      | Killed Crazy Yiuf
  3556 | D:3      | Reached skill level 1 in Shields
  3556 | D:3      | Reached XP level 5. HP: 25/29 MP: 15/15
  3614 | D:3      | Found Kaisissyhoi's Armour Emporium.
  3645 | D:3      | Noticed Robin
  3675 | D:3      | Reached skill level 6 in Spellcasting
  3698 | D:3      | Killed Robin
  4051 | D:3      | Found a shimmering blue altar of Sif Muna.
  4143 | D:3      | Reached skill level 1 in Fire Magic
  4423 | D:4      | Reached skill level 1 in Air Magic
  4735 | D:4      | Learned a level 2 spell: Wereblood
  4903 | D:4      | Reached XP level 6. HP: 33/34 MP: 17/17
  5120 | D:5      | Entered Level 5 of the Dungeon
  5237 | D:5      | Reached skill level 7 in Spellcasting
  5237 | D:5      | Reached skill level 1 in Poison Magic
  5237 | D:5      | Reached skill level 1 in Evocations
  5370 | D:5      | Noticed a sky beast
  5383 | D:5      | Killed a sky beast
  5384 | D:5      | Reached skill level 1 in Transmutations
  5384 | D:5      | Reached XP level 7. HP: 38/38 MP: 20/20
  5549 | D:5      | Reached skill level 8 in Spellcasting
  5732 | D:5      | Noticed Menkaure
  5748 | D:5      | Killed Menkaure
  5906 | D:5      | Reached XP level 8. HP: 44/44 MP: 22/22
  6048 | D:5      | Reached skill level 9 in Spellcasting
  6271 | D:6      | Noticed Prince Ribbit
  6282 | D:6      | Killed Prince Ribbit
  6474 | D:6      | Reached skill level 5 in Conjurations
  6555 | D:6      | Found a staircase to the Ecumenical Temple.
  6564 | Temple   | Entered the Ecumenical Temple
  6608 | Temple   | Became a worshipper of Vehumet
  6709 | D:6      | Noticed Maggie
  6719 | D:6      | Killed Maggie
  6720 | D:6      | Reached skill level 10 in Spellcasting
  6993 | D:6      | Noticed Blork the orc
  7037 | D:6      | Killed Blork the orc
  7250 | D:6      | Reached XP level 9. HP: 37/48 MP: 25/25
  7913 | D:7      | Found a burning altar of Makhleb.
  7913 | D:7      | Found a hazy altar of Hepliaklqana.
  8079 | D:7      | Reached skill level 11 in Spellcasting
  8398 | D:7      | Reached skill level 5 in Fire Magic
  8698 | D:7      | Found a bloodstained altar of Trog.
  8769 | D:8      | Noticed Pikel
  9075 | D:8      | Noticed Grum
  9207 | D:8      | Reached * piety under Vehumet
  9207 | D:8      | Offered knowledge of Shock by Vehumet.
  9211 | D:8      | Learned a level 1 spell: Shock
  9366 | D:8      | Learned a level 5 spell: Fireball
  9368 | D:8      | Learned a level 1 spell: Foxfire
  9598 | D:8      | Noticed a boulder beetle
  9598 | D:8      | Noticed a deep elf pyromancer
  9600 | D:8      | Noticed a meliai
  9633 | D:8      | Killed Grum
  9640 | D:8      | Killed Pikel
  9641 | D:8      | Reached skill level 12 in Spellcasting
  9688 | D:8      | Found a transporter.
  9688 | D:8      | Found a transporter.
  9756 | D:8      | Noticed Harold
  9786 | D:8      | Killed Harold
  9787 | D:8      | Reached XP level 10. HP: 45/53 MP: 27/28
 10277 | D:9      | Found a broken altar of Ashenzari.
 10347 | D:9      | Noticed a two-headed ogre
 10352 | D:9      | Killed a two-headed ogre
 10353 | D:9      | Reached skill level 13 in Spellcasting
 10587 | D:9      | Found an opulent altar of Gozag.
 10710 | D:9      | Offered knowledge of Freeze by Vehumet.
 10821 | D:9      | Found a staircase to the Orcish Mines.
 10935 | D:9      | Reached ** piety under Vehumet
 11402 | D:10     | Entered Level 10 of the Dungeon
 11620 | D:10     | Found a shadowy altar of Dithmenos.
 11988 | D:10     | Reached skill level 14 in Spellcasting
 11989 | D:10     | Reached XP level 11. HP: 60/60 MP: 30/31
 12280 | D:10     | Found a stormy altar of Qazlal.
 12696 | D:10     | Found an ornate altar of the Wu Jian Council.
 12796 | D:11     | Offered knowledge of Ignite Poison by Vehumet.
 12891 | D:8      | HP: 2/61 [meliai (15)]
 12891 | D:8      | Slain by a meliai

Illustrated notes

Levels and vault maps discovered:
D:1:      sevenhm_arrival_forest_fort_small_3, layout_basic, serial_shops,
          nicolae_shop_stone, chequers_ecumenical_altar_simple
D:2:      layout_loops_corners, kennysheep_generic_room_14,
          uniq_crazy_yiuf_cottage
D:3:      layout_basic, lemuel_doored_altar, serial_shops, shop_statue,
          grunt_ministairs_3, uniq_robin
D:4:      layout_rooms
D:5:      layout_basic, minivault_25, moated_statue, uniq_menkaure
D:6:      layout_loops_ring, minmay_temple_entry_antechambers,
          uniq_prince_ribbit1, uniq_blork_the_orc, uniq_maggie
D:7:      layout_basic, gammafunk_temple_overflow_pools, lemuel_crystal_altar,
          kennysheep_generic_room_9
D:8:      gammafunk_the_bubble [the_bubble_gammafunk_plus_minus], layout_basic,
          uniq_harold, uniq_grum, uniq_pikel
D:9:      layout_rooms, kennysheep_mini_moat, grunt_gozag_breadcrumbs,
          minmay_orc_entry_guard_dogs, kennysheep_nub, serial_bayou_lake_a
D:10:     layout_basic, nicolae_dithmenos_shadow_blocks, kennysheep_little_box,
          nicolae_qazlal_scattered_showers
D:11:     layout_basic, lair_entry_dummy, uniq_psyche
Temple:   nicolae_temple_god_jail

Skill      XL: |  1  2  3  4  5  6  7  8  9 10 11 |
---------------+----------------------------------+-----
Spellcasting   | 5 6 7 8 10 12 14 | 14.5
Fighting       | 1 2 3 4 |  4.2
Armour         | 1 2 3 |  3.0
Conjurations   | 2 3 4 5 7 8 |  8.8
Dodging        | 3 |  3.0
Shields        | 1 3 |  3.0
Fire Magic     | 1 2 4 6 7 8 |  8.0
Air Magic      | 1 |  1.1
Poison Magic   | 1 |  1.2
Evocations     | 1 |  1.3
Stealth        | 3 |  3.0
Transmutations | 1 |  1.2
Summonings     | |  1.1
Translocations | |  1.1

Action                   |  1- 3 |  4- 6 |  7- 9 | 10-12 || total
-------------------------+-------+-------+-------+-------++-------
Melee: Dagger            |     9 |     2 |       |       ||    11
       Quarterstaff      |       |    27 |    75 |    27 ||   129
 Cast: Magic Dart        |   103 |   111 |   206 |       ||   420
       Mephitic Cloud    |     4 |     4 |    21 |     7 ||    36
       Conjure Flame     |     3 |     5 |    26 |     2 ||    36
       Call Imp          |       |     7 |     8 |     1 ||    16
       Blink             |       |     6 |     2 |     4 ||    12
       Wereblood         |       |       |     4 |     1 ||     5
       Foxfire           |       |       |    11 |    25 ||    36
       Fireball          |       |       |       |    62 ||    62
       Shock             |       |       |       |     1 ||     1
 Stab: Confused          |     2 |     3 |    10 |     3 ||    18
       Paralysed         |       |       |     2 |       ||     2
       Distracted        |       |       |     1 |       ||     1
       Sleeping          |       |       |     1 |       ||     1
Armor: Robe              |     5 |    11 |       |       ||    16
       Leather armour    |       |     5 |    29 |    16 ||    50
Dodge: Dodged            |    21 |    52 |    64 |    23 ||   160

Table legend: (Time is in decaauts)
 A = Elapsed time spent in this place.
 B = Non-inter-level travel time spent in this place.
 C = Inter-level travel time spent in this place.
 D = Time resting spent in this place.
 E = Time spent auto-exploring this place.
 F = Levels seen in this place.
 G = Mean time per level.
                   A        B        C        D        E       F      G
               +--------+--------+--------+--------+--------+-----+--------+
         Total |  12960 |  12368 |    592 |   1042 |   9699 |  12 | 1080.0 |
       Dungeon |  12906 |  12322 |    584 |   1042 |   9660 |  11 | 1173.3 |
        Temple |     53 |     45 |      8 |      0 |     39 |   1 |   53.0 |
               +--------+--------+--------+--------+--------+-----+--------+

Top non-repeatable levels by time:
     D:2: 1903 daAuts
     D:9: 1487 daAuts
     D:7: 1471 daAuts
    D:10: 1402 daAuts
     D:3: 1196 daAuts
     D:6: 1188 daAuts
     D:1: 1162 daAuts
     D:5: 1110 daAuts
     D:8: 1074 daAuts
     D:4: 899 daAuts
  Temple: 53 daAuts
    D:11: 9 daAuts
